 Dungeon Crawl Stone Soup version 0.22.1-1-ga44c0e56f4 (webtiles) character file.

3276 Riddle the Slicer (level 10, -7/72 HPs)
             Began as a Formicid Chaos Knight on Sept 21, 2018.
             Mangled by an ogre
             ... wielding a +0 giant club
              (33 damage)
             ... on level 6 of the Dungeon.
             The game lasted 00:19:15 (7665 turns).

Riddle the Slicer (Formicid Chaos Knight)           Turns: 7665, Time: 00:19:16

Health: -7/72      AC: 21    Str: 21    XL:     10   Next: 20%
Magic:  10/10      EV:  9    Int: 11    God:    Xom [..*...]
Gold:   398        SH:  0    Dex:  8    Spells: 9/9 levels left

rFire    . . .     SeeInvis +   a - +0 short sword (chaos)
rCold    . . .     Gourm    .   (no shield)
rNeg     + + .     Faith    .   x - +0 plate armour
rPois    +         Spirit   .   (helmet unavailable)
rElec    +         Reflect  .   y - +0 cloak
rCorr    +         Harm     .   B - +2 pair of gloves of Recklessness {rN++}
MR       ++...                  s - +2 pair of boots
Stlth    ..........             p - amulet of magic regeneration
HPRegen  0.22/turn              t - ring of resist corrosion
MPRegen  0.37/turn              C - ring of Piatoin {rElec rPois MR+ EV+1}

@: no status effects
A: permanent stasis, dig shafts and tunnels, four strong arms, antennae 3, claws
1, blurry vision 1, clumsy 1, frail 1, evolution 1
a: Dig, Shaft Self, Renounce Religion


You were on level 6 of the Dungeon.
You worshipped Xom.
You were a toy of Xom.
You were not hungry.

You visited 1 branch of the dungeon, and saw 7 of its levels.
You also visited: Ossuary.

You collected 398 gold pieces.

Inventory:

Hand Weapons
 a - a +0 short sword of chaos (weapon)
Armour
 b - a +2 leather armour
 s - a +2 pair of boots (worn)
 x - a +0 plate armour (worn)
 y - a +0 cloak (worn)
 B - the +2 pair of gloves of Recklessness (worn) {rN++}
   (Xom gifted it to you in an ossuary)

   It greatly protects you from negative energy.
Jewellery
 p - an amulet of magic regeneration (around neck)
 t - a ring of resist corrosion (left hand)
 C - the ring of Piatoin (right hand) {rElec rPois MR+ EV+1}
   (You found it in an ossuary)

   [ring of evasion]

   It affects your evasion (+1).
   It insulates you from electricity.
   It protects you from poison.
   It affects your resistance to hostile enchantments.
Wands
 m - a wand of enslavement (18)
 G - a wand of disintegration (13)
Scrolls
 d - a scroll of noise
 f - 2 scrolls of identify
 g - 3 scrolls of remove curse
 h - 3 scrolls of amnesia
 i - 4 scrolls of enchant armour
 j - a scroll of fog {unknown}
 k - a scroll of enchant weapon {unknown}
 l - a scroll of torment {unknown}
 n - a scroll of magic mapping {unknown}
 o - 3 scrolls of teleportation {unknown}
 q - 2 scrolls of blinking {unknown}
 r - 2 scrolls of fear {unknown}
 A - 2 scrolls of random uselessness {unknown}
 D - a scroll of vulnerability {unknown}
 F - a scroll of immolation {unknown}
Potions
 e - 3 potions of flight
 u - a potion of might
 v - a potion of degeneration {unknown}
 w - 2 potions of curing
 z - a potion of mutation {unknown}
 E - a potion of cancellation
 H - 2 potions of magic
 J - a potion of haste {unknown}
Comestibles
 c - 18 rations
 I - 3 chunks of flesh


   Skills:
 - Level 8.0 Fighting
 + Level 8.1 Short Blades
 - Level 7.5 Armour
 - Level 6.0 Dodging


You had 9 spell levels left.
You didn't know any spells.
Your spell library contained the following spells:

 Spells                   Type           Power        Failure   Level  Hunger
 Animate Skeleton         Necr           N/A          100%        1    ##.....
 Beastly Appendage        Tmut           #.....       100%        1    ##.....
 Pain                     Necr           #...         100%        1    ##.....
 Sting                    Conj/Pois      #...         100%        1    ##.....
 Poisonous Vapours        Pois/Air       #.....       100%        2    ###....
 Sticks to Snakes         Tmut           #.......     100%        2    ###....
 Mephitic Cloud           Conj/Pois/Air  #.......     100%        3    ####...
 Regeneration             Chrm/Necr      #.........   100%        3    ####...
 Spider Form              Tmut/Pois      #.........   100%        3    ####...
 Vampiric Draining        Necr           #.........   100%        3    ####...
 Animate Dead             Necr           N/A          100%        4    #####..
 Ice Form                 Ice/Tmut       #.......     100%        4    #####..
 Olgreb's Toxic Radiance  Pois           #.......     100%        4    #####..
 Blade Hands              Tmut           #.........   100%        5    ######.
 Venom Bolt               Conj/Pois      #.........   100%        5    ######.


Dungeon Overview and Level Annotations

Branches:
Dungeon (7/15)             Temple (0/1) D:4

Altars:
Okawaru
Qazlal
Ru
Sif Muna
Xom
Zin


Innate Abilities, Weirdness & Mutations

You cannot be hasted, slowed, berserked, paralysed or teleported.
You can dig through walls and to a lower floor.
Your four strong arms can wield two-handed weapons with a shield.
You have a pair of large antennae on your head. (SInv)
You have sharp fingernails.
Scrolls take you a little longer to read.
You are clumsy. (Dex -2)
You are frail. (-10% HP)
You evolve.


Message History

The ogre hits you with a giant club!
You are too injured to fight recklessly!
You are too injured to fight recklessly!
You are too injured to fight recklessly!
You are too injured to fight recklessly!
You are too injured to fight recklessly!
You are too injured to fight recklessly!
You are too injured to fight recklessly!
You are too injured to fight recklessly!
You are too injured to fight recklessly!
You are too injured to fight recklessly!
You are too injured to fight recklessly!
You are too injured to fight recklessly!
You are too injured to fight recklessly!
You are too injured to fight recklessly!
You are too injured to fight recklessly!
You hit the ogre.
The ogre is poisoned.
The ogre is heavily wounded.
The ogre hits you with a giant club!!
You die...

#.#####.#.........#######
#.................'......
###########.......####...
#####...................
#.......###(#.....#.###.
#.......#...#.###.#.#...
#.......#.###.###.#.#.##
#.......#.###.#.....#.##
#....>O@....[......[....
#.###########.#.#...#..#
#.#.8.8.8.8.#.......#..#
###8.......8#.......#...
#.........#...#...#.##
#.........#...###.#+#.
#8.......8#...'......#
#...._....#...####...#
#8.......8#...# #...#


You could see an ogre (berserk).

Vanquished Creatures
  The ghost of Grim the Skirmisher, a novice OgBe of Trog (D:6)
  A human (shapeshifter) (Ossuary)
  2 orc warriors (D:6)
  3 sky beasts (D:7)
  A black bear (D:7)
  2 ogres
  A centaur (D:6)
  A bullfrog (D:6)
  5 scorpions
  A wight (D:6)
  4 orc priests
  2 hounds
  A jelly (D:5)
  2 bullfrog skeletons
  5 centaur zombies (Ossuary)
  5 iguanas
  Terence (D:2)
  4 orc wizards
  2 worker ants
  4 big kobold zombies (Ossuary)
  A hound skeleton (D:7)
  4 mummies
  A worker ant zombie (D:4)
  5 adders
  13 gnolls
  5 scorpion zombies (Ossuary)
  2 shadow imps
  An ooze (D:3)
  An adder zombie (D:5)
  An adder skeleton (D:5)
  2 worms
  5 dart slugs
  6 leopard geckos
  17 orcs
  8 bats
  2 giant cockroaches
  A gnoll zombie (Ossuary)
  12 goblins
  11 hobgoblins
  22 jackals
  7 quokkas
  5 frilled lizards
  A goblin zombie (Ossuary)
  2 hobgoblin zombies (Ossuary)
  10 kobolds
  A kobold zombie (Ossuary)
  A leopard gecko skeleton (D:4)
  3 orc zombies
  8 rats
206 creatures vanquished.

Vanquished Creatures (collateral kills)
  Eustachio (D:6)
  A bullfrog (D:6)
  A scorpion (Ossuary)
  3 wights (D:6)
  A human zombie (Ossuary)
  An orc wizard (D:6)
  A scorpion zombie (Ossuary)
  2 adders (D:6)
  A river rat (D:6)
  A worm (D:6)
  A leopard gecko (D:6)
  A giant cockroach (D:6)
15 creatures vanquished.

Vanquished Creatures (others)
  A dancing weapon (D:6)
  A phantom (D:4)
  A scorpion (Ossuary)
  A gnoll (D:5)
  A scorpion zombie (Ossuary)
  A goblin zombie (Ossuary)
6 creatures vanquished.

Grand Total: 227 creatures vanquished

Notes
Turn   | Place    | Note
-------+----------+-------------------------------------------
     0 | D:1      | Riddle the Formicid Chaos Knight began the quest for the
                  | Orb.
     0 | D:1      | Reached XP level 1. HP: 18/18 MP: 1/1
     4 | D:1      | XOM: potion effect (invisibility)
    10 | D:1      | Reached skill level 1 in Dodging
   153 | D:1      | Reached XP level 2. HP: 24/24 MP: 2/2
   446 | D:1      | Reached XP level 3. HP: 22/29 MP: 3/3
   569 | D:1      | XOM: harmless Chrm miscast
   635 | D:1      | XOM is BORED!
   635 | D:1      | XOM: harmless Air miscast
   936 | D:1      | Reached XP level 4. HP: 34/37 MP: 4/4
  1067 | D:2      | XOM: harmless Summ miscast
  1096 | D:2      | Noticed Terence
  1111 | D:2      | Reached XP level 5. HP: 42/42 MP: 5/5
  1142 | D:2      | Killed Terence
  1206 | D:2      | XOM: divination: detect creatures
  1941 | D:3      | Found a faded altar of an unknown god.
  2062 | D:3      | XOM: smoke on damage
  2235 | D:3      | XOM: harmless Summ miscast
  2363 | D:3      | XOM: divination: magic mapping
  2364 | D:3      | Reached XP level 6. HP: 46/49 MP: 6/6
  2524 | D:3      | XOM: scenery: create altars
  2558 | D:3      | XOM: divination: magic mapping
  2567 | D:3      | XOM: scenery: create altars
  2570 | D:3      | XOM: enchant monster (good)
  2724 | D:3      | XOM: god gift: 14 sling bullets
  2898 | D:3      | XOM: god gift: leather armour {god gift}
  2923 | D:3      | XOM: divination: detect creatures
  2956 | D:3      | XOM: give mutations
  2956 | D:3      | Gained mutation: You evolve. [Xom's grace]
  2956 | D:3      | Gained mutation: You have sharp fingernails. [Xom's grace]
  2956 | D:3      | Gained mutation: You possess an exceptional clarity of
                  | mind. [Xom's grace]
  3208 | D:4      | Noticed a phantom
  3210 | D:4      | Found a sand-covered staircase.
  3219 | D:4      | Killed a phantom
  3219 | D:4      | XOM: divine lightning
  3223 | Ossuary  | Entered an ossuary
  3240 | Ossuary  | XOM: divine lightning
  3258 | Ossuary  | XOM: cleaving
  3271 | Ossuary  | XOM: mild Tloc miscast
  3273 | Ossuary  | Reached XP level 7. HP: 44/55 MP: 7/7
  3281 | Ossuary  | Reached skill level 5 in Fighting
  3327 | Ossuary  | XOM: noise
  3340 | Ossuary  | XOM: summons friendly white imp
  3354 | Ossuary  | XOM: polymorph white imp -> shadow imp
  3369 | Ossuary  | XOM: cast spell 'Summon Mana Viper'
  3554 | Ossuary  | XOM: scenery: 2 doors close
  3678 | Ossuary  | XOM: god gift: 3 rations
  3803 | Ossuary  | XOM: god gift: pair of twisted gloves {god gift}
  3806 | Ossuary  | Got a pair of twisted gloves {god gift}
  3807 | Ossuary  | Identified the +2 pair of gloves of Recklessness {rN++}
                  | (Xom gifted it to you in an ossuary)
  3824 | Ossuary  | XOM: destruction
  3828 | Ossuary  | XOM: cleaving
  3834 | Ossuary  | XOM: cleaving
  3837 | Ossuary  | XOM: fog
  3845 | Ossuary  | Reached skill level 5 in Short Blades
  3847 | Ossuary  | XOM: polymorph scorpion -> howler monkey
  3850 | Ossuary  | XOM: enchant monster (good)
  3851 | Ossuary  | XOM: polymorph howler monkey -> iguana
  3862 | Ossuary  | Reached skill level 5 in Armour
  3862 | Ossuary  | Reached XP level 8. HP: 43/63 MP: 8/8
  3885 | Ossuary  | XOM: smoke on damage
  3937 | Ossuary  | Got a wavering bronze ring
  4100 | Ossuary  | Identified the ring of Piatoin {rElec rPois MR+ EV+1} (You
                  | found it in an ossuary)
  4131 | Ossuary  | Noticed a raiju
  4131 | Ossuary  | a boggart changed into a raiju
  4155 | Ossuary  | Noticed a yaktaur
  4168 | Ossuary  | Noticed a shapeshifter
  4168 | Ossuary  | a yaktaur changed into a shapeshifter
  4169 | Ossuary  | Noticed a queen bee
  4169 | Ossuary  | a shapeshifter changed into a queen bee
  4172 | Ossuary  | Noticed a human
  4172 | Ossuary  | a queen bee changed into a human
  4183 | Ossuary  | Killed a human
  4190 | Ossuary  | XOM: mild Tloc miscast
  4358 | Ossuary  | Gained mutation: You are frail. (-10% HP) [evolution]
  4627 | D:4      | Found a staircase to the Ecumenical Temple.
  4805 | D:4      | XOM: confuse monster(s)
  4983 | D:4      | XOM: god gift: scroll labeled UGRORU EJANONK {god gift}
  5137 | D:5      | Entered Level 5 of the Dungeon
  5311 | D:5      | XOM: enchant monster (good)
  5429 | D:5      | XOM: divination: magic mapping
  5656 | D:5      | Found a sacrificial altar of Ru.
  5659 | D:5      | Found a stormy altar of Qazlal.
  5662 | D:5      | Found a deep blue altar of Sif Muna.
  5665 | D:5      | Found an iron altar of Okawaru.
  5808 | D:5      | XOM: polymorph orc priest -> worm
  5813 | D:5      | XOM: enchant monster (good)
  5825 | D:5      | Reached XP level 9. HP: 63/63 MP: 9/9
  6013 | D:6      | Found a runed door.
  6081 | D:6      | Noticed Grim's ghost (novice OgBe)
  6084 | D:6      | Reached skill level 5 in Dodging
  6097 | D:6      | XOM: divination: detect creatures
  6108 | D:6      | Killed Grim's ghost
  6234 | D:6      | Found a runed door.
  6268 | D:6      | Noticed an angel
  6275 | D:6      | Found a glowing silver altar of Zin.
  6275 | D:6      | Found a shimmering altar of Xom.
  6280 | D:6      | XOM: god gift: 35 gold pieces
  6309 | D:6      | XOM: enchant monster (bad)
  6612 | D:6      | XOM: give mutations
  6612 | D:6      | Gained mutation: You are clumsy. (Dex -2) [Xom's mischief]
  6612 | D:6      | Gained mutation: Scrolls take you a little longer to read.
                  | [Xom's mischief]
  6612 | D:6      | Lost mutation: You possess an exceptional clarity of mind.
                  | [Xom's mischief]
  6723 | D:6      | Noticed Eustachio
  6738 | D:6      | XOM: swap monsters
  6745 | D:6      | Killed Eustachio
  6817 | D:6      | XOM: mild Summ miscast
  6843 | D:6      | Found a shimmering altar of Xom.
  6849 | D:6      | Found a hide-covered altar of Uskayaw.
  6849 | D:6      | Found a shattered altar of Ashenzari.
  6989 | D:6      | Found a bloodstained altar of Trog.
  6989 | D:6      | Found an opulent altar of Gozag.
  6989 | D:6      | Found an opulent altar of Gozag.
  7114 | D:7      | Reached XP level 10. HP: 72/72 MP: 10/10
  7214 | D:7      | XOM: confuse monster(s)
  7287 | D:7      | XOM: enchant monster (bad)
  7376 | D:7      | XOM: scenery: 1 doors open, 2 doors close
  7387 | D:7      | XOM: summons 4 friendly demons
  7415 | D:7      | XOM: polymorph white imp -> iron imp
  7431 | D:6      | XOM: cast spell 'Metabolic Englaciation'
  7665 | D:6      | Mangled by an ogre

Skill      XL: |  1  2  3  4  5  6  7  8  9 10 |
---------------+-------------------------------+-----
Dodging        | 1 2 3 4 5 6 |  6.0
Armour         | 3 4 5 6 7 |  7.5
Fighting       | 4 5 6 7 8 |  8.0
Short Blades   | 4 5 6 7 8 |  8.1

Action                   |  1- 3 |  4- 6 |  7- 9 | 10-12 || total
-------------------------+-------+-------+-------+-------++-------
Melee: Short sword       |   105 |   268 |   586 |   115 ||  1074
  Use: Scroll            |       |     1 |     7 |       ||     8
       Potion            |       |       |     9 |       ||     9
 Stab: Paralysed         |     1 |     5 |     8 |       ||    14
       Confused          |       |     1 |     8 |     1 ||    10
       Distracted        |       |       |     1 |       ||     1
       Petrified         |       |       |     4 |       ||     4
       Petrifying        |       |       |     2 |       ||     2
  Eat: Chunk             |       |     7 |     7 |     2 ||    16
       Ration            |       |       |     2 |       ||     2
Armor: Leather armour    |    44 |    65 |       |       ||   109
       Plate armour      |       |    47 |   282 |    33 ||   362
Dodge: Dodged            |    70 |   124 |   164 |    33 ||   391
